 Dungeon Crawl Stone Soup version 0.29-a0-825-g72347fce65 (webtiles) character file.

Game seed: 14093135891291705635

653 27snakeeyes612 the Trooper (level 7, -10/66 HPs)
             Began as a Naga Fighter on July 11, 2022.
             Mangled by a mummy (12 damage)
             ... on level 5 of the Dungeon.
             The game lasted 00:06:03 (5554 turns).

27snakeeyes612 the Trooper (Naga Fighter)           Turns: 5554, Time: 00:06:04

Health: -10/66     AC: 13    Str: 20    XL:     7   Next: 54%
Magic:  7/7        EV:  7    Int:  8    God:
Gold:   187        SH:  4    Dex: 11    Spells: 6/6 levels left

rFire   . . .      SeeInvis +   a - +0 long sword
rCold   . . .      Faith    .   c - +0 buckler
rNeg    . . .      Spirit   .   z - +0 chain mail
rPois   +          Reflect  .   (no helmet)
rElec   .          Harm     .   (no cloak)
rCorr   +          Rampage  .   (no gloves)
Will    .....                   w - +1 barding
Stlth   ..........              u - amulet of the acrobat
HPRegen 0.21/turn               k - ring of resist corrosion
MPRegen 0.10/turn               y - +4 ring of evasion

@: attractive, very slow
A: AC +2, large, see invisible, deformed body, poison resistance, slowness 2,
spit poison 1, naga tail 1
a: Spit Poison


You were on level 5 of the Dungeon.
You visited 1 branch of the dungeon, and saw 5 of its levels.
You also visited: Ossuary.

You collected 187 gold pieces.

Inventory:

Hand Weapons
 a - a +0 long sword (weapon)
Missiles
 e - 8 poisoned darts
 f - 6 curare-tipped darts
Armour
 b - a +0 scale mail
 c - a +0 buckler (worn)
 w - a +1 barding (worn)
 z - a +0 chain mail (worn)
Jewellery
 k - a ring of resist corrosion (left hand)
 t - a +6 ring of intelligence
 u - an amulet of the acrobat (around neck)
 y - a +4 ring of evasion (right hand)
 B - a +6 ring of dexterity
Wands
 i - a wand of roots (8)
Scrolls
 g - a scroll of poison {unknown}
 j - 5 scrolls of identify
 l - a scroll of amnesia
 n - a scroll of enchant weapon {unknown}
 r - 2 scrolls of fear {unknown}
Potions
 d - 3 potions of might
 h - a potion of degeneration
 o - a potion of cancellation {unknown}
 p - a potion of brilliance
 s - a potion of flight
 v - 2 potions of attraction
 A - a potion of haste {unknown}


   Skills:
 + Level 4.6 Fighting
 + Level 3.9 Long Blades
 + Level 2.9 Throwing
 + Level 3.7 Armour
 + Level 4.2 Shields


You had 6 spell levels left.
You didn't know any spells.
Your spell library contained the following spells:

 Spells                   Type           Power      Damage    Failure   Level
 Scorch                   Fire           0%         2d5       100%        2
 Gell's Gravitas          Tloc           0%         N/A       100%        3
 Teleport Other           Tloc           0%         N/A       100%        3
 Flame Wave               Conj/Fire      0%         2d4       100%        4
 Dispersal                Tloc           0%         N/A       100%        6
 Summon Cactus Giant      Summ           0%         N/A       100%        6


Dungeon Overview and Level Annotations

Branches:
Dungeon (5/15)            Ossuary (visited)
 Temple: D:4-7

Altars:
Uskayaw


Innate Abilities, Weirdness & Mutations

Your serpentine skin is tough. (AC +2)
You have supernaturally acute eyesight. (SInv)
Armour fits poorly on your strangely shaped body.
Your system is resistant to poisons. (rPois)
You cover ground very slowly.
You can spit poison.
You have a snake-like lower body.


Message History

You hit the hornet zombie.
The hornet zombie is severely damaged.
You block the hornet zombie's attack. The hornet zombie barely misses you.
You hit the hornet zombie.
The hornet zombie is severely damaged.
The hornet zombie hits you but does no damage. x2
You barely miss the hornet zombie.
The hornet zombie is severely damaged.
You block the hornet zombie's attack.
You hit the hornet zombie.
The hornet zombie is severely damaged.
The hornet zombie hits you but does no damage.
You barely miss the mummy.
A bog mummy comes into view.
You barely miss the mummy.
A mummy comes into view.
The hornet zombie misses you. The bog mummy completely misses you.
The hornet zombie barely misses you.
There is an open door here.
The hornet zombie attacks as you move away!
The hornet zombie misses you. The mummy misses you.
It was a potion of attraction.
You feel attractive to monsters. The mummy hits you!
* * * LOW HITPOINT WARNING * * *
The bog mummy is attracted toward you.
The hornet zombie is attracted toward you.
You block the mummy's attack.
There is a gate leading back out of this place here.
Welcome back to the Dungeon!
There is a collapsed entrance here.
You hit the bog mummy.
The bog mummy is lightly damaged.
The bog mummy hits you.
* * * LOW HITPOINT WARNING * * *
You block the mummy's attack.
You hit the bog mummy but do no damage.
The bog mummy is lightly damaged.
The bog mummy barely misses you. The mummy hits you!
You die...

###### ##....# #****
###.....##### ..,,* #.......#...#
...,* *........M@.#
...##***#.#....M..##
.#...######........#
.#......#.##..#...## ****
.##........##.#..## **,,**
..####(.......#...#***,,,,**
...........#.......#*,,,,,,****
..##.................,,,,,**,,**
.#................##.,,,,,,,,,,**


You could see a mummy and a bog mummy.

Vanquished Creatures
  2 water moccasin zombies (Ossuary)
  A howler monkey (D:4)
  A centaur zombie (Ossuary)
  A bullfrog zombie (Ossuary)
  A jelly (D:5)
  A hound (D:3)
  Ijyb (D:4)
  An iguana (D:4)
  5 mummies (Ossuary)
  A howler monkey zombie (Ossuary)
  8 adders
  4 gnolls (D:3)
  A shadow imp (D:5)
  A white imp (D:5)
  2 worms (D:2)
  4 dart slugs
  6 bats
  6 endoplasms
  4 giant cockroaches
  8 goblins
  9 hobgoblins
  9 jackals
  5 quokkas
  8 ball pythons
  3 frilled lizards
  11 kobolds
  7 rats
111 creatures vanquished.

Vanquished Creatures (others)
  6 withered plants (Ossuary)
6 creatures vanquished.

Grand Total: 117 creatures vanquished

Notes
Turn   | Place    | Note
-------+----------+-------------------------------------------
     0 | D:1      | 27snakeeyes612 the Naga Fighter began the quest for the
                  | Orb.
     0 | D:1      | Reached XP level 1. HP: 21/21 MP: 1/1
   385 | D:1      | Reached XP level 2. HP: 27/28 MP: 2/2
   888 | D:1      | Reached XP level 3. HP: 34/34 MP: 3/3
  1869 | D:2      | Reached skill level 1 in Throwing
  2122 | D:2      | Found a faded altar of an unknown god.
  2145 | D:2      | Found a hide-covered altar of Uskayaw.
  2177 | D:2      | Reached XP level 4. HP: 42/42 MP: 4/4
  3478 | D:3      | Reached XP level 5. HP: 31/50 MP: 5/5
  4367 | D:4      | Reached XP level 6. HP: 51/57 MP: 6/6
  4964 | D:4      | Noticed Ijyb
  4973 | D:4      | Paralysed by Ijyb for 3 turns
  4978 | D:4      | Paralysed by Ijyb for 5 turns
  4986 | D:4      | Killed Ijyb
  5248 | D:5      | Entered Level 5 of the Dungeon
  5343 | D:5      | Found a sand-covered staircase.
  5352 | Ossuary  | Entered an ossuary
  5394 | Ossuary  | Reached XP level 7. HP: 12/66 MP: 7/7
  5427 | Ossuary  | HP: 3/66 [water moccasin zombie (6)]
  5553 | D:5      | HP: 1/66 [bog mummy (5)]
  5554 | D:5      | Mangled by a mummy

Illustrated notes

Levels and vault maps discovered:
D:1:      nzn_arrival_water_spiral, layout_basic, palyth_stone_intersect,
          minmay_pentomino_r4
D:2:      layout_loops_ring, ebering_ecumenical_altar_rust, basic_altar,
          minmay_randomly_rotated_circles
D:3:      layout_loops_ring
D:4:      layout_basic, corexii_checkpoint_a, dreamdust_princess_bridge,
          uniq_ijyb
D:5:      layout_cave_pools, enter_ossuary_3

Skill      XL: |  1  2  3  4  5  6 |
---------------+-------------------+-----
Shields        | 3 4 |  4.2
Throwing       | 1 2 |  2.9
Armour         | 3 |  3.7
Long Blades    | 3 |  3.9
Fighting       | 4 |  4.6

Action                   |  1- 3 |  4- 6 |  7- 9 || total
-------------------------+-------+-------+-------++-------
Melee: Long sword        |   128 |   244 |    49 ||   421
Throw: Javelin           |       |     9 |       ||     9
       Dart              |       |     1 |       ||     1
 Abil: Spit Poison       |     3 |    11 |       ||    14
Evoke: Wand              |       |     3 |     4 ||     7
  Use: Scroll            |     5 |     3 |       ||     8
       Potion            |       |     5 |     4 ||     9
 Stab: Paralysed         |       |       |     3 ||     3
Armor: Scale mail        |    75 |   138 |       ||   213
       Chain mail        |       |    32 |    25 ||    57
Dodge: Dodged            |    68 |    99 |    21 ||   188
Block: Buckler           |    34 |    52 |     8 ||    94

Table legend: (Time is in decaauts)
 A = Elapsed time spent in this place.
 B = Non-inter-level travel time spent in this place.
 C = Inter-level travel time spent in this place.
 D = Time resting spent in this place.
 E = Time spent auto-exploring this place.
 F = Levels seen in this place.
 G = Mean time per level.
                   A        B        C        D        E       F      G
               +--------+--------+--------+--------+--------+-----+--------+
         Total |   6879 |   6651 |    228 |    814 |   4611 |   6 | 1146.5 |
       Dungeon |   6652 |   6424 |    228 |    724 |   4604 |   5 | 1330.4 |
       Ossuary |    226 |    226 |      0 |     90 |      6 |   1 |  226.0 |
               +--------+--------+--------+--------+--------+-----+--------+

Top non-repeatable levels by time:
     D:1: 2126 daAuts
     D:2: 1667 daAuts
     D:3: 1493 daAuts
     D:4: 1223 daAuts
 Ossuary: 226 daAuts
     D:5: 141 daAuts
